 Dungeon Crawl Stone Soup version 0.27-a0-520-gb83adbd1c9 (webtiles) character file.

Game seed: 14573349001872467009

51 Morbidden the Gusty (level 3, -1/25 HPs)
             Began as a Demonspawn Air Elementalist on Mar 4, 2021.
             Slain by a goblin
             ... wielding a +0 dagger
              (4 damage)
             ... on level 3 of the Dungeon.
             The game lasted 00:01:41 (1343 turns).

Morbidden the Gusty (Demonspawn Air Elementalist)   Turns: 1343, Time: 00:01:42

Health: -1/25      AC:  3    Str:  8    XL:     3   Next: 58%
Magic:  4/6        EV: 12    Int: 17    God:
Gold:   41         SH:  0    Dex: 13    Spells: 5/6 levels left

rFire    . . .     SeeInvis .   d - +0 dagger
rCold    . . .     Faith    .   (no shield)
rNeg     . . .     Spirit   .   a - +0 robe
rPois    .         Reflect  .   h - +0 helmet
rElec    .         Harm     .   (no cloak)
rCorr    .         Rampage  .   (no gloves)
Will     .....                  (no boots)
Stlth    ++........             (no amulet)
HPRegen  0.08/turn              (no ring)
MPRegen  0.10/turn              (no ring)

@: mighty, hasted, very quick
A: ignite blood 1
a: no special abilities


You were on level 3 of the Dungeon.
You visited 1 branch of the dungeon, and saw 3 of its levels.

You collected 41 gold pieces.

Inventory:

Hand Weapons
 d - a +0 dagger (weapon)
Armour
 a - a +0 robe (worn)
 f - a +0 kite shield
 h - a +0 helmet (worn)
Scrolls
 b - 2 scrolls of identify {unknown}
 g - a scroll of random uselessness {unknown}
Potions
 e - a potion of brilliance {unknown}
 i - a potion of curing {unknown}
 j - a potion of might


   Skills:
 * Level 0.7 Fighting
 + Level 2.0 Dodging
 + Level 2.0 Stealth
 * Level 2.3 Spellcasting
 * Level 1.4 Conjurations
 * Level 3.4 Air Magic


You had 5 spell levels left.
You knew the following spells:

 Your Spells              Type           Power        Failure   Level
a - Shock                 Conj/Air       40%          7%          1

Your spell library contained the following spells:

 Spells                   Type           Power        Failure   Level
 Swiftness                Air            13%          7%          2
 Static Discharge         Conj/Air       10%          22%         3
 Airstrike                Air            6%           43%         4
 Lightning Bolt           Conj/Air       5%           89%         5


Dungeon Overview and Level Annotations

Branches:
Dungeon (2/15)

Altars:

Annotations:
D:3 Purgy


Innate Abilities, Weirdness & Mutations

Your demonic aura sometimes causes spilled blood to erupt in flames


Message History

Purgy claws you.
You barely miss Purgy. Purgy bites you but does no damage.
Purgy claws you but does no damage. Purgy claws you.
Your magical contamination has completely faded away.
You hit Purgy.
Purgy is lightly wounded.
A goblin comes into view. It is wielding a +0 dagger.
Purgy bites you! Purgy claws you but does no damage. Purgy barely misses you.
You hit Purgy.
Purgy is lightly wounded.
The goblin hits you with a +0 dagger. Purgy bites you!
* * * LOW HITPOINT WARNING * * *
Purgy claws you but does no damage. x2
Unknown command.
A kobold comes into view. It is wielding a +0 dagger.
Okay, then.
The bat hits you.
* * * LOW HITPOINT WARNING * * *
The bat hits you.
* * * LOW HITPOINT WARNING * * *
The bat hits you but does no damage. The bat closely misses you.
The bat closely misses you. The bat closely misses you.
The bat hits you but does no damage. The bat barely misses you.
The bat hits you but does no damage. The bat hits you but does no damage.
Purgy snarls, "Go!
Away!"
The bat hits you but does no damage. The bat hits you but does no damage.
Things that are here:
a +0 falchion; a +0 leather armour Unknown command.
It was a potion of might.
You feel very mighty all of a sudden. The goblin misses you.
Unknown command.
It was a potion of haste.
You feel yourself speed up. The goblin hits you with a +0 dagger.
You die...

..# #...# #.# #.>## #
#.# #[.# #.#.# #..#
#.#.####..#
#.........#
#############.####.##
..............####.#
...........T.Kbg@..#
####################


You could see Purgy, a goblin, a bat and a kobold.

Vanquished Creatures
  A hound (D:2)
  A dart slug (D:1)
  An orc (D:3)
  A goblin (D:1)
  A hobgoblin (D:3)
  A kobold (D:1)
  7 bats
  3 frilled lizards
  5 rats
21 creatures vanquished.

Notes
Turn   | Place    | Note
-------+----------+-------------------------------------------
     0 | D:1      | Morbidden the Demonspawn Air Elementalist began the quest
                  | for the Orb.
     0 | D:1      | Reached XP level 1. HP: 13/13 MP: 3/3
   396 | D:1      | Reached skill level 3 in Air Magic
   640 | D:1      | Gained mutation: Your demonic aura sometimes causes spilled
                  | blood to erupt in flames [demonic ancestry]
   640 | D:1      | Reached XP level 2. HP: 11/19 MP: 0/5
   962 | D:2      | Reached XP level 3. HP: 25/25 MP: 0/6
  1030 | D:2      | You fall into a shaft and drop 1 floor!
  1302 | D:3      | Noticed Purgy
  1330 | D:3      | HP: 1/25 [bat (1)]
  1343 | D:3      | Slain by a goblin

Illustrated notes

Levels and vault maps discovered:
D:1:      dpeg_arrival_stone_temple_mockup, layout_basic, minivault_11
D:2:      layout_basic, serial_curves, eino_curves_02, eino_curves_04,
          minmay_fractal_squares_5, uniq_sigmund
D:3:      layout_loops_ring, uniq_terence, uniq_jessica, uniq_purgy

Skill      XL: |  1  2 |
---------------+-------+-----
Air Magic      | 3 |  3.4
Dodging        | 2 |  2.0
Stealth        | 2 |  2.0
Fighting       | |  0.7
Spellcasting   | |  2.3
Conjurations   | |  1.4

Action                   || total
-------------------------++-------
Melee: Dagger            ||    37
       Unarmed           ||     6
 Cast: Shock             ||    44
  Use: Potion            ||     2
Armor: Robe              ||    28
Dodge: Dodged            ||    48

Table legend: (Time is in decaauts)
 A = Elapsed time spent in this place.
 B = Non-inter-level travel time spent in this place.
 C = Inter-level travel time spent in this place.
 D = Time resting spent in this place.
 E = Time spent auto-exploring this place.
 F = Levels seen in this place.
 G = Mean time per level.
                   A        B        C        D        E       F      G
               +--------+--------+--------+--------+--------+-----+--------+
         Total |   1342 |   1320 |     22 |    219 |    854 |   3 |  447.3 |
       Dungeon |   1342 |   1320 |     22 |    219 |    854 |   3 |  447.3 |
               +--------+--------+--------+--------+--------+-----+--------+

Top non-repeatable levels by time:
     D:1: 926 daAuts
     D:3: 312 daAuts
     D:2: 102 daAuts
